 Dungeon Crawl Stone Soup version 0.22-a0-866-geee5034 (webtiles) character file.

49 Leszczynek the Ducker (level 3, 3/24 HPs)
             Began as a Deep Elf Monk on July 28, 2018.
             Quit the game on level 4 of the Dungeon.
             The game lasted 00:07:01 (563 turns).

Leszczynek the Ducker (Deep Elf Monk)                Turns: 563, Time: 00:07:02

Health: 3/24       AC:  8    Str: 13    XL:     3   Next: 53%
Magic:  6/8        EV: 14    Int: 15    God:
Gold:   113        SH:  0    Dex: 17    Spells: 4/6 levels left

rFire    . . .     SeeInvis .   a - +0 short sword
rCold    . . .     Gourm    .   (no shield)
rNeg     . . .     Faith    .   b - +0 robe
rPois    .         Spirit   .   (no helmet)
rElec    .         Reflect  .   l - +0 cloak
rCorr    .         Harm     .   (no gloves)
MR       .....                  (no boots)
Stlth    +++.......             (no amulet)
HPRegen  0.08/turn              (no ring)
MPRegen  0.11/turn              (no ring)

@: mighty, lethally poisoned (3 -> -3), very slightly contaminated
A: icy blue scales 1, thin metallic scales 1, robust 1, shaggy fur 1
a: no special abilities


You were on level 4 of the Dungeon.
You were not hungry.

You visited 1 branch of the dungeon, and saw 5 of its levels.

You collected 113 gold pieces.

Inventory:

Hand Weapons
 a - a +0 short sword (weapon)
Missiles
 g - 4 tomahawks (quivered)
Armour
 b - a +0 robe (worn)
 l - a +0 cloak (worn)
Potions
 j - a potion of might
Comestibles
 d - 2 rations
 f - 12 chunks of flesh


   Skills:
 - Level 2.4 Fighting
 - Level 3.0 Short Blades
 - Level 3.6 Dodging
 + Level 3.4 Stealth
 + Level 2.2 Spellcasting
 * Level 2.3 Necromancy


You had 4 spell levels left.
You knew the following spells:

 Your Spells              Type           Power        Failure   Level  Hunger
a - Animate Skeleton      Necr           N/A          9%          1    #......
b - Summon Small Mammal   Summ           #...         22%         1    #......

Your spell library contained the following spells:

 Spells                   Type           Power        Failure   Level  Hunger
 Apportation              Tloc           #.....       22%         1    #......
 Confusing Touch          Hex            #.....       22%         1    #......


Dungeon Overview and Level Annotations

Branches:
Dungeon (5/15)
 Temple: D:4-7

Altars:

Annotations:
D:3 Grinder


Innate Abilities, Weirdness & Mutations

You are partially covered in icy blue scales. (AC +2)
You are partially covered in thin metallic scales. (AC +2)
You are robust. (+10% HP)
You are covered in fur. (AC +1)


Message History

Here: an orc wizard, wielding a dagger of venom and wearing a robe (lightly wounded)
The floor.
Blink to where?
Press: ? - help, Dir - move target cursor
As you read the scroll labeled ERHA YNAGRE, it crumbles to dust.
It was a scroll of blinking.
You feel sick.
Your bat hits the orc wizard but does no damage. x3
Your rat barely misses the orc wizard.
Unknown command.
As you read the scroll labeled FAOJOM WIGU, it crumbles to dust.
It is a scroll of amnesia.
Okay, then.
Your bat hits the orc wizard.
The orc wizard points at you and mumbles some strange words.
The magic dart hits you!
* * * LOW HITPOINT WARNING * * *
Your orc wizard skeleton hits the orc wizard but does no damage.
Your rat barely misses the orc wizard.
Unknown command.
Are you sure you want to abandon this character and quit the game? (Confirm with "yes".)

#........# ....
#........###..##.
####.###.(.......
#......#######.
#.....)........
#####.####.########
#.....Z..#.#
#....or..#.##
#.@....b.#..#
#....(...##.##
#........##..#
#........###o#
########## #.# #..
.... o#.## o. .#


You could see an orc wizard, a friendly bat, a friendly rat and a friendly orc
wizard skeleton.

Vanquished Creatures
  An orc wizard (D:4)
  A leopard gecko (D:4)
  4 orcs
  A giant cockroach (D:2)
  A goblin (D:3)
  3 hobgoblins
  A bat (D:2)
  3 frilled lizards
  2 kobolds (D:3)
17 creatures vanquished.

Vanquished Creatures (collateral kills)
  2 orcs (D:3)
  A frilled lizard (D:3)
3 creatures vanquished.

Grand Total: 20 creatures vanquished

Notes
Turn   | Place    | Note
-------+----------+-------------------------------------------
     0 | D:1      | Leszczynek the Deep Elf Monk began the quest for the Orb.
     0 | D:1      | Reached XP level 1. HP: 13/13 MP: 3/3
    63 | D:2      | Reached skill level 1 in Spellcasting
   115 | D:3      | Learned a level 1 spell: Animate Skeleton
   191 | D:3      | Reached skill level 3 in Stealth
   191 | D:3      | Reached XP level 2. HP: 14/18 MP: 4/6
   303 | D:3      | Reached skill level 1 in Necromancy
   401 | D:3      | Noticed Grinder
   475 | D:5      | Entered Level 5 of the Dungeon
   506 | D:4      | Gained mutation: You are partially covered in thin metallic scales. (AC +2) [potion of mutation]
   506 | D:4      | Gained mutation: You are robust. (+10% HP) [potion of mutation]
   506 | D:4      | Gained mutation: You are covered in fur. (AC +1) [potion of mutation]
   506 | D:4      | Gained mutation: You are partially covered in icy blue scales. (AC +2) [potion of mutation]
   531 | D:4      | Reached skill level 2 in Spellcasting
   531 | D:4      | Reached skill level 2 in Necromancy
   531 | D:4      | Reached XP level 3. HP: 15/24 MP: 6/8
   542 | D:4      | fucking 5 AC and robust 1
   542 | D:4      | and animate skeleton
   542 | D:4      | geez
   555 | D:4      | Learned a level 1 spell: Summon Small Mammal
   562 | D:4      | HP: 3/24 [orc wizard/magic dart (6)]
   563 | D:4      | Quit the game

Vault maps used:
D:1:      mrwooster_arrival_statue_2
D:2:      corexii_hall_statues_x
D:3:      chequers_ecumenical_altar_simple_redux, serial_bayou_lake_a,
          uniq_grinder
D:5:      ebering_ghost_sewer_f, first_ration

Skill      XL: |  1  2 |
---------------+-------+-----
Spellcasting   | 1 2 |  2.2
Stealth        | 3 |  3.4
Necromancy     | 2 |  2.3
Fighting       | |  2.4
Short Blades   | |  3.0
Dodging        | |  3.6

Action                   || total
-------------------------++-------
Melee: Short sword       ||    79
Throw: Tomahawk          ||     1
 Cast: Animate Skeleton  ||     7
       Summon Small Mamm ||     2
  Use: Potion            ||     4
       Scroll            ||     2
 Stab: Distracted        ||     1
       Invisible         ||     1
Armor: Robe              ||    16
Dodge: Dodged            ||    62

Table legend:
 A = Spawn XP
 B = Non-spawn XP
 C = Spawn XP percentage of total XP
 D = Spawn monster count
 E = Non-spawn monster count
 F = Spawn count percentage of total count
 G = Total turns spent on level
                    A         B        C        D         E        F      G
               +---------+---------+-------+---------+---------+-------+---------
         Total |       0 |      71 |   0.0 |       0 |      20 |   0.0 |   563
               +---------+---------+-------+---------+---------+-------+---------
           D:2 |       0 |       9 |   0.0 |       0 |       6 |   0.0 |   142
           D:3 |       0 |      21 |   0.0 |       0 |      11 |   0.0 |   265
           D:4 |       0 |      41 |   0.0 |       0 |       3 |   0.0 |   144
               +---------+---------+-------+---------+---------+-------+---------
